 Dungeon Crawl Stone Soup version 0.28-a0-1152-g9c71ebef14 (webtiles) character file.

Game seed: 10535691472039645385

4525 pokeman the Thaumaturge (level 10, -2/55 (56) HPs)
             Began as a Deep Elf Hedge Wizard on Dec 14, 2021.
             Was a Follower of Vehumet.
             Slain by a manticore (19 damage)
             ... on level 8 of the Dungeon.
             The game lasted 00:28:02 (11395 turns).

pokeman the Thaumaturge (Deep Elf Hedge Wizard)    Turns: 11395, Time: 00:28:03

HP:   -2/55 (56)    AC:  9    Str: 13    XL:     10   Next: 17%
MP:   13/28         EV: 12    Int: 24    God:    Vehumet [*.....]
Gold: 534           SH:  0    Dex: 14    Spells: 23/34 levels left

rFire   + . .      SeeInvis .   q - +0 dagger (venom)
rCold   + . .      Faith    .   (no shield)
rNeg    . . .      Spirit   .   K - +0 acid dragon scales
rPois   .          Reflect  .   c - +0 hat
rElec   .          Harm     .   y - scarf {rC+ rF+}
rCorr   +          Rampage  .   e - +0 pair of gloves
Will    +....                   T - +0 pair of boots
Stlth   ++........              h - amulet of the acrobat
HPRegen 0.18/turn               J - +4 ring of slaying
MPRegen 0.21/turn               p - +6 ring of strength

@: very slightly contaminated, lightly drained
A: no striking features
a: Renounce Religion


You were on level 8 of the Dungeon.
You worshipped Vehumet.
Vehumet was aware of your devotion.
You visited 2 branches of the dungeon, and saw 9 of its levels.
You also visited: Sewer and Ossuary.

You collected 534 gold pieces.

Inventory:

Hand Weapons
 q - a +0 dagger of venom (weapon)
 F - a +0 shortbow
Missiles
 n - 67 bolts
 D - 143 arrows
 L - a throwing net
Armour
 c - a +0 hat (worn)
 e - a +0 pair of gloves (worn)
 y - a scarf of resistance (worn)
 A - a scarf of invisibility
 K - +0 acid dragon scales (worn)
 T - a +0 pair of boots (worn)
Magical Staves
 l - a staff of air
Jewellery
 a - a ring of willpower
 h - an amulet of the acrobat (around neck)
 m - a ring of protection from cold
 p - a +6 ring of strength (right hand)
 C - a ring of see invisible
 J - a +4 ring of slaying (left hand)
 M - a ring of positive energy
 Q - a ring of willpower
Wands
 B - a wand of paralysis (6)
 P - a wand of polymorph (14)
Scrolls
 b - 2 scrolls of enchant armour {unknown}
 d - 2 scrolls of teleportation {unknown}
 i - 3 scrolls of amnesia {unknown}
 j - 7 scrolls of identify {unknown}
 o - a scroll of magic mapping {unknown}
 r - 2 scrolls of blinking {unknown}
 v - a scroll of noise {unknown}
 G - 2 scrolls of enchant weapon {unknown}
 H - 2 scrolls of vulnerability {unknown}
 I - 2 scrolls of fog {unknown}
 R - 2 scrolls of fear {unknown}
 S - a scroll of acquirement {unknown}
Potions
 f - 3 potions of curing {unknown}
 g - 2 potions of brilliance {unknown}
 k - 2 potions of flight {unknown}
 s - 7 potions of mutation {unknown}
 t - 2 potions of might {unknown}
 u - 3 potions of resistance {unknown}
 w - 3 potions of cancellation {unknown}
 x - 5 potions of heal wounds
 z - 4 potions of haste {unknown}
 E - 2 potions of degeneration {unknown}
 N - 2 potions of magic {unknown}
 O - a potion of invisibility {unknown}


   Skills:
 + Level 3.9 Fighting
 - Level 3.0 Armour
 - Level 3.3 Dodging
 - Level 3.1 Stealth
 * Level 12.9 Spellcasting
 + Level 7.2 Conjurations
 - Level 1.1 Summonings
 - Level 1.0 Necromancy
 - Level 1.1 Translocations
 + Level 6.5 Fire Magic
 - Level 1.0 Air Magic
 - Level 1.2 Poison Magic
 - Level 1.0 Evocations


You had 23 spell levels left.
You knew the following spells:

 Your Spells              Type           Power      Damage    Failure   Level
a - Magic Dart            Conj           100%       1d8       1%          1
b - Mephitic Cloud        Conj/Pois/Air  30%        N/A       4%          3
c - Call Imp              Summ           20%        N/A       5%          2
d - Blink                 Tloc           40%        N/A       5%          2
e - Conjure Flame         Conj/Fire      48%        6-21      1%          3

Your spell library contained the following spells:

 Spells                   Type           Power      Damage    Failure   Level
 Shock                    Conj/Air       100%       1d9       1%          1
 Animate Skeleton         Necr           40%        N/A       3%          1
 Pain                     Necr           80%        1d8       3%          1
 Dazzling Flash           Conj/Hex       64%        N/A       3%          3
 Slow                     Hex            60%        N/A       6%          1
 Vampiric Draining        Necr           20%        2d7       11%         3
 Petrify                  Tmut/Erth      15%        N/A       50%         4
 Agony                    Necr           20%        N/A       71%         5
 Silence                  Hex/Air        9%         N/A       77%         5
 Metabolic Englaciation   Hex/Ice        7%         N/A       85%         5
 Statue Form              Tmut/Erth      10%        N/A       100%        6


Dungeon Overview and Level Annotations

Branches:
Dungeon (8/15)             Temple (1/1) D:6           Sewer (visited)
Ossuary (visited)
   Lair: D:8-11

Altars:
Ashenzari
Cheibriados
Dithmenos
Elyvilon
Fedhas
Gozag
Hepliaklqana
Kikubaaqudgha
Nemelex Xobeh
Okawaru
Qazlal
Ru
Sif Muna
Trog
Uskayaw
Vehumet
Wu Jian
Yredelemnul
The Shining One
Lugonu

Annotations:
D:6 1 runed translucent door, FludoriRambler's ghost, novice DEAE


Message History

Press: ? - help, Shift-Dir - straight line, f/p - manticore
Aim: a manticore (lightly wounded, ally target, chance to affect: 58%)
You miscast Mephitic Cloud.
You are very lightly contaminated with residual magic.
Nothing appears to happen.
The manticore flicks its tail.
The volley of spikes hits your crimson imp!!
Your crimson imp dies!
Your crimson imp disappears in a puff of smoke!
You hear an angry hiss.
Casting: Mephitic Cloud (dangerous; 4% risk of failure)
Confirm with . or Enter, or press ? or * to list all spells.
Aiming: Mephitic Cloud (dangerous; 4% risk of failure)
Press: ? - help, Shift-Dir - straight line, f/p - manticore
Aim: a manticore (lightly wounded, chance to affect: 58%)
The ball explodes into a vile cloud!
The stinking cloud engulfs the manticore but does no damage.
The manticore is lightly wounded.
The manticore is engulfed in noxious fumes.
The manticore appears confused.
Unknown command.
A water moccasin comes into view.
You hit the manticore.
The manticore is poisoned.
The manticore is lightly wounded.
The manticore is engulfed in blazing flames.
The manticore bites you!! The manticore completely misses you.
The manticore claws you!
Unknown command.
You hit the manticore.
The manticore looks as sick as possible!
The manticore is moderately wounded.
The manticore is engulfed in blazing flames.
The manticore closely misses you. The manticore claws you.
* * * LOW HITPOINT WARNING * * *
The manticore closely misses you.
You hit the manticore but do no damage.
The manticore is severely wounded.
The manticore is engulfed in blazing flames.
The manticore bites you!!
You die...

####.# #.# #####.#
#.....# #.##### #.#
#.# #.# #@# . #H#
.### #S# ...# #°#
#..##○# ##
###..#.##### #.
##.##.......#
####.##...##.....)#
......##.#'..###..#


You could see a manticore (confused, extremely poisoned) and a water moccasin.

Vanquished Creatures
  Erica (D:8)
  Maggie (D:7)
  2 steam dragons
  2 water moccasins
  Duvessa (D:5)
  An orc warrior (D:8)
  3 sky beasts
  A hornet zombie (D:7)
  3 necrophages
  2 centaurs
  2 phantoms
  3 kobold brigands
  3 elf zombies (Ossuary)
  A bullfrog (D:7)
  A gnoll sergeant (D:7)
  A water moccasin skeleton (D:5)
  Dowan (D:5)
  3 wights (D:8)
  A howler monkey (D:8)
  5 centaur zombies (Ossuary)
  3 hounds
  A centaur skeleton (D:5)
  A bullfrog zombie (D:6)
  3 jellies
  2 bullfrog skeletons
  A gnoll shaman (D:5)
  4 human zombies (Ossuary)
  4 orc priests
  2 scorpion zombies (D:5)
  3 iguanas
  4 orc wizards
  A hound skeleton (D:4)
  3 mummies (Ossuary)
  3 gnolls (D:7)
  A howler monkey skeleton (D:7)
  8 adders
  4 river rats
  3 shadow imps
  A white imp (D:7)
  A worm (D:4)
  3 dart slugs
  14 orcs
  14 ball pythons
  2 endoplasms
  3 giant cockroaches
  5 hobgoblins
  11 jackals
  26 kobolds
  A quokka (D:3)
  10 bats
  3 frilled lizards
  3 goblins
  27 rats
213 creatures vanquished.

Vanquished Creatures (collateral kills)
  A white imp (D:8)
  A worm (D:2)
2 creatures vanquished.

Grand Total: 215 creatures vanquished

Notes
Turn   | Place    | Note
-------+----------+-------------------------------------------
     0 | D:1      | pokeman the Deep Elf Hedge Wizard began the quest for the
                  | Orb.
     0 | D:1      | Reached XP level 1. HP: 10/10 MP: 7/7
   299 | D:1      | Reached XP level 2. HP: 15/15 MP: 6/9
  1119 | D:1      | Reached skill level 5 in Spellcasting
  1303 | D:1      | Found a faded altar of an unknown god.
  1521 | D:2      | Reached XP level 3. HP: 20/20 MP: 7/11
  1525 | D:2      | Learned a level 3 spell: Mephitic Cloud
  1528 | D:2      | Learned a level 2 spell: Call Imp
  1531 | D:2      | Learned a level 2 spell: Blink
  1535 | D:2      | Learned a level 3 spell: Conjure Flame
  1872 | D:2      | Reached skill level 1 in Armour
  2215 | D:2      | Reached skill level 1 in Fighting
  2702 | D:2      | Reached XP level 4. HP: 25/25 MP: 8/13
  3279 | D:3      | Noticed a steam dragon
  3453 | D:3      | Found an iron altar of Okawaru.
  3620 | D:3      | HP: 1/25 [steam dragon] (13)]
  3621 | D:3      | Killed a steam dragon
  3622 | D:3      | Reached skill level 6 in Spellcasting
  3622 | D:3      | Reached skill level 1 in Fire Magic
  3622 | D:3      | Reached XP level 5. HP: 2/29 MP: 3/15
  4106 | D:3      | Found an ancient bone altar of Kikubaaqudgha.
  4106 | D:3      | Found a broken altar of Ashenzari.
  4229 | D:4      | Found a glowing drain.
  4238 | Sewer    | Entered a sewer
  4347 | Sewer    | Reached XP level 6. HP: 34/34 MP: 7/17
  4534 | Sewer    | Reached skill level 1 in Evocations
  4572 | Sewer    | Reached skill level 7 in Spellcasting
  4786 | Sewer    | Reached skill level 1 in Poison Magic
  5244 | D:4      | Reached skill level 1 in Air Magic
  5244 | D:4      | Reached XP level 7. HP: 36/38 MP: 11/20
  5613 | D:4      | Reached skill level 8 in Spellcasting
  5780 | D:4      | Found a sacrificial altar of Ru.
  5780 | D:4      | Found a sparkling altar of Nemelex Xobeh.
  5814 | D:4      | Found a blossoming altar of Fedhas.
  5862 | D:4      | Found a stormy altar of Qazlal.
  5946 | D:5      | Entered Level 5 of the Dungeon
  5991 | D:5      | Noticed a gargoyle
  6201 | D:5      | Found a hide-covered altar of Uskayaw.
  6251 | D:5      | Reached skill level 1 in Necromancy
  6397 | D:5      | Noticed Duvessa
  6408 | D:5      | Killed Duvessa
  6474 | D:5      | Noticed Dowan
  6486 | D:5      | Killed Dowan
  6487 | D:5      | Reached XP level 8. HP: 44/45 MP: 18/22
  6683 | D:4      | Reached skill level 9 in Spellcasting
  7184 | D:5      | Reached skill level 5 in Conjurations
  7591 | D:6      | Found a runed translucent door.
  7591 | D:6      | Noticed FludoriRambler's ghost (novice DEAE)
  7699 | D:6      | Reached skill level 10 in Spellcasting
  8013 | D:6      | Found a staircase to the Ecumenical Temple.
  8021 | Temple   | Entered the Ecumenical Temple
  8785 | D:7      | Found a radiant altar of Vehumet.
  8788 | D:7      | Noticed Maggie
  9028 | D:7      | Became a worshipper of Vehumet
  9072 | D:7      | Killed Maggie
  9073 | D:7      | Reached XP level 9. HP: 37/49 MP: 18/25
  9093 | D:7      | Reached skill level 11 in Spellcasting
  9093 | D:7      | Reached skill level 5 in Fire Magic
  9933 | D:7      | Found a shadowy altar of Dithmenos.
 10161 | D:8      | Found a sand-covered staircase.
 10166 | Ossuary  | Entered an ossuary
 10372 | Ossuary  | Reached skill level 12 in Spellcasting
 10690 | D:8      | Noticed Erica
 10711 | D:8      | Killed Erica
 10712 | D:8      | Reached XP level 10. HP: 43/56 MP: 12/28
 10894 | D:8      | Reached * piety under Vehumet
 10894 | D:8      | Offered knowledge of Shock by Vehumet.
 11368 | D:8      | Noticed a manticore
 11395 | D:8      | Slain by a manticore

Illustrated notes

Levels and vault maps discovered:
D:1:      dpeg_arrival_renting, layout_loops_ring,
          dilly_ecumenical_altar_fadedgnrine
D:2:      layout_basic, minmay_misc_feat_rugged, eino_tiny_chamber,
          minmay_pentomino_pile
D:3:      layout_basic, gammafunk_temple_overflow_elements,
          overflow_temple_1_default
D:4:      layout_basic, grunt_qazlal_clouds, gammafunk_temple_overflow_wave,
          kennysheep_little_box, cheibrodos_sewer_entry_sluice
D:5:      layout_gridville, eat_drink_and_be_merry_uskayaw,
          minmay_divided_ellipse, uniq_duvessa
D:6:      layout_basic, minmay_temple_entry_butterflies,
          ebering_ghost_inner_flame
D:7:      layout_rooms, nicolae_dithmenos_the_darkroom,
          overflow_temple_1_default, chequers_serial_rivers_micro_e,
          minmay_parallelograms, hangedman_abyss_or_decor_jellyfish_corner,
          uniq_maggie
D:8:      layout_loops_ring, enter_ossuary_5, uniq_erica
Temple:   kb_corrupted_temple

Skill      XL: |  1  2  3  4  5  6  7  8  9 |
---------------+----------------------------+-----
Spellcasting   | 5 6 7 8 10 12 | 12.9
Armour         | 1 2 3 |  3.0
Fighting       | 1 2 3 |  3.9
Conjurations   | 2 3 4 5 7 |  7.2
Dodging        | 3 |  3.3
Fire Magic     | 1 3 4 6 |  6.5
Evocations     | 1 |  1.0
Stealth        | 3 |  3.1
Poison Magic   | 1 |  1.2
Air Magic      | 1 |  1.0
Necromancy     | 1 |  1.0
Summonings     | |  1.1
Translocations | |  1.1

Action                   |  1- 3 |  4- 6 |  7- 9 | 10-12 || total
-------------------------+-------+-------+-------+-------++-------
Melee: Mace              |    19 |    11 |       |       ||    30
       Dagger            |       |    30 |   137 |    28 ||   195
 Fire: Shortbow          |       |       |    33 |       ||    33
 Cast: Magic Dart        |   120 |   120 |   195 |    39 ||   474
       Call Imp          |       |     3 |     8 |     3 ||    14
       Conjure Flame     |       |     3 |    34 |     8 ||    45
       Blink             |       |     2 |     5 |       ||     7
       Mephitic Cloud    |       |     8 |    21 |     9 ||    38
Evoke: Wand              |       |       |     6 |       ||     6
 Stab: Confused          |       |     6 |    11 |       ||    17
Armor: Robe              |    16 |    11 |       |       ||    27
       Leather armour    |       |       |     8 |       ||     8
       Acid dragon scale |       |       |    16 |     9 ||    25
Dodge: Dodged            |    39 |    58 |   105 |    21 ||   223

Table legend: (Time is in decaauts)
 A = Elapsed time spent in this place.
 B = Non-inter-level travel time spent in this place.
 C = Inter-level travel time spent in this place.
 D = Time resting spent in this place.
 E = Time spent auto-exploring this place.
 F = Levels seen in this place.
 G = Mean time per level.
                   A        B        C        D        E       F      G
               +--------+--------+--------+--------+--------+-----+--------+
         Total |  11425 |  11146 |    279 |    699 |   8317 |  11 | 1038.6 |
       Dungeon |  10031 |   9768 |    263 |    647 |   7322 |   8 | 1253.9 |
        Temple |    105 |     89 |     16 |      0 |     75 |   1 |  105.0 |
         Sewer |    990 |    990 |      0 |     27 |    757 |   1 |  990.0 |
       Ossuary |    298 |    298 |      0 |     25 |    163 |   1 |  298.0 |
               +--------+--------+--------+--------+--------+-----+--------+

Top non-repeatable levels by time:
     D:2: 1974 daAuts
     D:6: 1419 daAuts
     D:1: 1346 daAuts
     D:5: 1330 daAuts
     D:7: 1147 daAuts
     D:4: 1030 daAuts
   Sewer: 990 daAuts
     D:8: 949 daAuts
     D:3: 833 daAuts
 Ossuary: 298 daAuts
  Temple: 105 daAuts
